 Dungeon Crawl Stone Soup version 0.27.1-34-g3ba077fa99 (webtiles) character file.

Game seed: 17920639628466992709

3131 boopmooplesden the Carver (level 9, -1/78 HPs)
             Began as a Minotaur Fighter on Jan 18, 2022.
             Was an Elder of Okawaru.
             Splashed by Maurice's acid (10 damage)
             ... on level 8 of the Dungeon.
             The game lasted 00:11:29 (7474 turns).

boopmooplesden the Carver (Minotaur Fighter)        Turns: 7474, Time: 00:11:31

Health: -1/78      AC:  6    Str: 22    XL:     9   Next: 61%
Magic:  8/8        EV: 10    Int:  6    God:    Okawaru [****..]
Gold:   381        SH: 11    Dex: 11    Spells: 8/8 levels left

rFire    . . .     SeeInvis .   a - +0 long sword (vorpal)
rCold    . . .     Faith    .   c - +0 kite shield
rNeg     + . .     Spirit   .   b - +0 scale mail
rPois    .         Reflect  .   (helmet restricted)
rElec    .         Harm     .   f - +0 cloak
rCorr    .         Rampage  .   e - +0 pair of gloves
Will     .....                  u - +2 pair of boots
Stlth    ..........             (no amulet)
HPRegen  0.23/turn              o - ring of positive energy
MPRegen  0.11/turn              (no ring)

@: corroded
A: horns 2, retaliatory headbutt
a: Renounce Religion, Heroism


You were on level 8 of the Dungeon.
You worshipped Okawaru.
Okawaru was greatly pleased with you.
You visited 2 branches of the dungeon, and saw 9 of its levels.
You also visited: Bailey.

You collected 381 gold pieces.

Inventory:

Hand Weapons
 a - a +0 vorpal long sword (weapon)
Missiles
 h - a javelin
 r - 54 boomerangs (quivered)
Armour
 b - a +0 scale mail (worn)
 c - a +0 kite shield (worn)
 e - a +0 pair of gloves (worn)
 f - a +0 cloak (worn)
 u - a +2 pair of boots (worn)
Jewellery
 k - a ring of ice
 o - a ring of positive energy (left hand)
 v - a ring of resist corrosion
 x - a ring of wizardry
 y - a ring of flight
Wands
 A - a wand of flame (39)
 B - a wand of polymorph (3)
Scrolls
 j - a scroll of teleportation
 n - 3 scrolls of fear
 p - 2 scrolls of amnesia
 q - a scroll of magic mapping
 w - a scroll of identify
 z - a scroll of brand weapon
Potions
 d - 2 potions of might
 g - 2 potions of magic
 i - a potion of mutation {unknown}
 l - a potion of brilliance {unknown}
 t - a potion of curing
Miscellaneous
 m - a phantom mirror


   Skills:
 + Level 6.7 Fighting
 + Level 9.4 Long Blades
 + Level 2.7 Throwing
 + Level 8.3 Armour
 + Level 4.0 Dodging
 + Level 1.5 Stealth
 + Level 7.8 Shields
 + Level 0.8 Invocations


You had 8 spell levels left.
You didn't know any spells.
Your spell library contained the following spells:

 Spells                   Type           Power      Damage    Failure   Level
 Corona                   Hex            0%         N/A       96%         1
 Corpse Rot               Necr/Air       N/A        N/A       99%         2
 Ensorcelled Hibernation  Hex/Ice        0%         N/A       99%         2
 Poisonous Vapours        Pois/Air       0%         N/A       99%         2
 Tukima's Dance           Hex            0%         N/A       100%        3
 Animate Armour           Summ/Erth      0%         N/A       100%        4
 Blade Hands              Tmut           0%         N/A       100%        5
 Freezing Cloud           Conj/Ice/Air   0%         6-21      100%        5
 Iron Shot                Conj/Erth      0%         9d1       100%        6


Dungeon Overview and Level Annotations

Branches:
Dungeon (8/15)             Temple (1/1) D:4          Bailey (visited)
   Lair: D:8-11

Altars:
Ashenzari
Cheibriados
Dithmenos
Elyvilon
Fedhas
Gozag
Hepliaklqana
Kikubaaqudgha
Okawaru
Qazlal
Sif Muna
Trog
Uskayaw
Wu Jian
Xom
Yredelemnul
Zin
The Shining One

Shops:
D:2 (   D:7 *

Annotations:
D:4 Duvessa
D:8 Maurice


Innate Abilities, Weirdness & Mutations

You have a pair of horns on your head.
You reflexively headbutt those who attack you in melee.


Message History

Maurice shouts!
You hear a shout!
Really walk into that teleport trap? [Y]es or [N]o only, please.
Really walk into that teleport trap? [Y]es or [N]o only, please.
Really walk into that teleport trap?
Okay, then.
You see here a scroll of identify.
w - a scroll of identify Maurice casts a spell.
Maurice flickers and vanishes!
Deactivating autopickup; reactivate with Ctrl-A.
Something hits you but does no damage.
You completely miss something.
A shadow imp comes into view.
Something hits you but does no damage.
An orc comes into view. It is wielding a +0 trident.
You barely miss something.
The shadow imp shouts, "Flee, thou peeagling roguish mooer!"
The orc shouts!
You hear a shout!
Something hits you. Something steals your condenser vane!
You closely miss something. Something hits you but does no damage.
Your shield and scale mail prevent you from hitting something.
Your headbutt misses something.
An orc priest comes into view. It is wielding a +0 flail.
You hear a zap.
A bolt of acid appears from out of thin air!
The bolt of acid hits you. The acid corrodes you!
You are splashed with acid!
You hit something but do no damage.
The shadow imp shouts, "Accept thy fall, thou mangled motley-minded buzzard-bait!"
You hear a zap.
A bolt of acid appears from out of thin air!
The bolt of acid hits you! The acid corrodes you!
You are splashed with acid!
You barely miss something. Your headbutt misses something.
You hear a zap.
A bolt of acid appears from out of thin air!
The bolt of acid hits you!!
* * * LOW HITPOINT WARNING * * *
You are splashed with acid!
You die...

#.#.#####+ .
#.#....... ..
.......... +#.
#.#....... ....###
#.#.......
.......##.#.o..o.$
.......^....5.....
....<.....@{..#
...>..........+
....#.........#
..........#.#########
..........+..........
..........#.#.#####..
.............<.......
..........##..#######
##......##..#


You could see an orc priest, a shadow imp and an orc.

Vanquished Creatures
  An orc knight (Bailey)
  Pikel (D:7)
  2 orc warriors (Bailey)
  An ice beast (D:7)
  A necrophage (D:7)
  2 ogres
  2 lemures (D:7)
  3 phantoms
  Blork the orc (D:4)
  A bullfrog (D:6)
  4 scorpions
  2 wyvern zombies (D:7)
  A water moccasin zombie (D:7)
  A water moccasin skeleton (D:5)
  4 killer bees (D:6)
  An electric eel (D:6)
  2 bullfrog zombies (D:5)
  A centaur zombie (D:6)
  A crimson imp (D:6)
  A hound (D:5)
  2 jellies
  2 bullfrog skeletons
  An iguana (D:4)
  An orc wizard (D:3)
  2 hound skeletons
  A howler monkey zombie (D:6)
  8 adders
  12 gnolls
  2 white imps (D:6)
  An adder skeleton (D:5)
  A worm (D:4)
  3 dart slugs
  8 orcs
  2 bats (D:1)
  10 endoplasms
  2 giant cockroaches
  6 hobgoblins
  3 jackals (D:5)
  19 kobolds
  2 quokkas
  6 ball pythons
  4 frilled lizards
  7 goblins
  5 rats
143 creatures vanquished.

Notes
Turn   | Place    | Note
-------+----------+-------------------------------------------
     0 | D:1      | boopmooplesden the Minotaur Fighter began the quest for the
                  | Orb.
     0 | D:1      | Reached XP level 1. HP: 19/19 MP: 0/0
   386 | D:1      | Reached XP level 2. HP: 27/27 MP: 1/1
  1174 | D:2      | Found Winniroi's Weapon Emporium.
  1362 | D:2      | Reached XP level 3. HP: 33/33 MP: 2/2
  1547 | D:2      | Found a snail-covered altar of Cheibriados.
  1583 | D:2      | Found a faded altar of an unknown god.
  1779 | D:2      | You fall into a shaft and drop 2 floors!
  1779 | D:4      | Found a staircase to the Ecumenical Temple.
  1785 | Temple   | Entered the Ecumenical Temple
  1838 | Temple   | Became a worshipper of Warmaster Okawaru
  1867 | D:4      | Reached skill level 3 in Long Blades
  1867 | D:4      | Reached XP level 4. HP: 12/41 MP: 3/3
  2166 | D:4      | Found an opulent altar of Gozag.
  2188 | D:4      | Noticed Blork the orc
  2195 | D:4      | Killed Blork the orc
  2196 | D:4      | Reached XP level 5. HP: 40/47 MP: 4/4
  2245 | D:4      | You fall into a shaft and drop 2 floors!
  2288 | D:6      | Reached skill level 4 in Long Blades
  2288 | D:6      | Reached skill level 1 in Dodging
  2308 | D:6      | Reached * piety under Okawaru
  2310 | D:6      | Found a basalt altar of Yredelemnul.
  2310 | D:6      | Found a hide-covered altar of Uskayaw.
  2365 | D:6      | Noticed a phantom
  2371 | D:6      | Killed a phantom
  2372 | D:6      | Reached skill level 5 in Long Blades
  2372 | D:6      | Reached skill level 5 in Armour
  2372 | D:6      | Reached XP level 6. HP: 49/53 MP: 5/5
  2590 | D:5      | Entered Level 5 of the Dungeon
  2665 | D:4      | Noticed Duvessa
  2915 | D:3      | Reached skill level 5 in Shields
  3112 | D:3      | Found a stormy altar of Qazlal.
  3247 | D:3      | Reached ** piety under Okawaru
  3248 | D:3      | Reached skill level 5 in Fighting
  3559 | D:4      | Found a white marble altar of Elyvilon.
  3569 | D:4      | Reached XP level 7. HP: 61/61 MP: 6/6
  3670 | D:4      | Reached skill level 6 in Long Blades
  3977 | D:5      | Found an ancient bone altar of Kikubaaqudgha.
  4181 | D:5      | Reached skill level 1 in Stealth
  4856 | D:5      | Reached skill level 7 in Long Blades
  4856 | D:5      | Reached XP level 8. HP: 64/69 MP: 7/7
  5120 | D:6      | Reached *** piety under Okawaru
  6010 | D:7      | Found a broken altar of Ashenzari.
  6205 | D:7      | Noticed Pikel
  6233 | D:7      | Killed Pikel
  6234 | D:7      | Reached skill level 8 in Long Blades
  6234 | D:7      | Reached XP level 9. HP: 75/75 MP: 8/8
  6304 | D:7      | Found a flagged portal.
  6322 | Bailey   | Entered a bailey
  6369 | Bailey   | Reached skill level 1 in Throwing
  6529 | Bailey   | Noticed an orc knight
  6557 | Bailey   | Killed an orc knight
  6557 | Bailey   | Reached **** piety under Okawaru
  6558 | Bailey   | Reached skill level 9 in Long Blades
  6561 | Bailey   | Found an iron altar of Okawaru.
  6986 | D:7      | Found a shimmering blue altar of Sif Muna.
  7300 | D:7      | Found Ymamu's General Store.
  7461 | D:8      | Noticed Maurice
  7474 | D:8      | Splashed by Maurice's acid

Illustrated notes

Levels and vault maps discovered:
D:1:      co_arrival_random_square_maze, layout_loops_ring
D:2:      layout_basic, basic_altar, hellmonk_ecumenical_altar_inner_sanctum,
          serial_shops, shop, serial_forest, infiniplex_forest_zigzag_1,
          infiniplex_forest_straight_2, infiniplex_forest_clump_curved,
          infiniplex_forest_lined_room_2, infiniplex_forest_lined_3,
          infiniplex_forest_lined_1, infiniplex_forest_corner_2,
          infiniplex_forest_clump_medium, infiniplex_forest_lined_room_2
D:3:      layout_basic, mainiacjoe_overflow_chevrons
D:4:      layout_basic, nicolae_gozag_cash_rules_everything_around_me,
          mainiacjoe_overflow_tiny_flanked, minmay_temple_entry_grid,
          hangedman_decor_slide_cut, uniq_duvessa, uniq_blork_the_orc
D:5:      layout_gridville, marbit_many_paths
D:6:      layout_loops_corners, mainiacjoe_overflow_divided_tiny, minivault_4,
          minmay_fire_ice_demons
D:7:      layout_loops_ring, mainiacjoe_overflow_24_doors,
          cheibrodos_ashenzari_chains, enter_bailey_5, serial_shops,
          shop_statue, uniq_pikel
D:8:      layout_basic, gammafunk_ghost_grave, uniq_maurice
Temple:   zaba_magenta_temple

Skill      XL: |  1  2  3  4  5  6  7  8  9 |
---------------+----------------------------+-----
Fighting       | 4 5 6 |  6.7
Armour         | 4 5 6 7 8 |  8.3
Shields        | 4 5 6 7 |  7.8
Long Blades    | 3 5 7 8 9 |  9.4
Dodging        | 1 2 3 4 |  4.0
Stealth        | 1 |  1.5
Throwing       | 2 |  2.7
Invocations    | |  0.8

Action                   |  1- 3 |  4- 6 |  7- 9 || total
-------------------------+-------+-------+-------++-------
Melee: Long sword        |    73 |    94 |   224 ||   391
       Headbutt          |     7 |    16 |    58 ||    81
Throw: Javelin           |       |       |     3 ||     3
       Boomerang         |       |       |    18 ||    18
Invok: Heroism           |       |       |     4 ||     4
  Use: Scroll            |     4 |     2 |     4 ||    10
       Potion            |       |       |     6 ||     6
Armor: Scale mail        |    31 |    35 |    88 ||   154
Dodge: Dodged            |    28 |    21 |    73 ||   122
Block: Kite shield       |    38 |    53 |   123 ||   214
       Rpst.: Long sword |     3 |     4 |    23 ||    30
